Description

1base WM

Replay - 2000 Atmosphären LE (44)

Build Order

Get SALT Encoding   

  12  0:01  SCV  
  13  0:13  SCV  
  14  0:17  Supply Depot  
  14  0:24  Refinery  
  14  0:28  SCV  
  15  0:40  SCV  
  16  0:47  Barracks  
  16  0:52  SCV  
  16  0:56  Refinery  
  17  1:04  SCV  
  18  1:16  SCV  
  20  1:34  Barracks Reactor  
  20  1:35  Factory  
  20  1:36  Orbital Command  
  19  1:47  Supply Depot  
  19  2:02  SCV  
  20  2:12  Marine x2  
  20  2:15  SCV  
  23  2:18  Factory Tech Lab  
  23  2:20  Starport  
  23  2:27  Armory  
  23  2:29  SCV  
  24  2:32  Marine x2  
  26  2:39  Widow Mine  
  26  2:42  SCV  
  29  2:47  Supply Depot  
  29  2:52  Marine x2  
  31  3:08  Medivac  
  31  3:09  Widow Mine, Supply Depot  
  31  3:10  Marine x2  
  36  3:17  Drilling Claws  
  37  3:28  Marine x2  
  37  3:31  Widow Mine  
  41  3:40  Supply Depot  
  41  3:46  Marine x2  
  41  3:47  Medivac  
  45  4:01  Command Center  
  45  4:06  Supply Depot  
  45  4:08  Marine  
  46  4:13  Widow Mine  
  46  4:15  Marine  
  40  4:26  Marine  
  40  4:28  SCV  
  40  4:32  Marine  
  40  4:34  Widow Mine  
  43  4:43  Marine  
  42  4:50  Marine  
  42  4:52  Medivac  
  45  4:58  Barracks x2  
  45  5:02  Widow Mine  
  45  5:06  Marine x2  
  48  5:12  Orbital Command  
  49  5:26  Widow Mine  
  47  5:29  Marine x2  
  47  5:46  Orbital Command, Barracks Tech Lab x2  
  47  5:47  Siege Tank, Marine x2  
  47  5:49  SCV  
  49  5:56  Medivac  
  51  6:01  SCV  
  52  6:05  Marine x4  
  52  6:09  Stimpack  
  56  6:13  SCV x2  
  58  6:25  Marine x4, SCV x2  
  64  6:36  Combat Shield  
  64  6:38  SCV x2  
  66  6:43  Marine x2  
  66  6:46  Command Center  
  68  6:50  Medivac  
  68  6:53  Marine x2  
  72  6:57  SCV x2  
  74  7:10  Marine x3  
  74  7:11  SCV  
  78  7:15  Supply Depot  
  78  7:24  Barracks x2  
  78  7:25  Siege Tank, Marine x3, SCV  
  85  7:31  SCV  
  85  7:37  Medivac  
  84  7:41  Marine x3  
  86  7:49  SCV  
  86  7:56  Marine x2  
  86  7:57  Siege Tank  
  86  7:58  SCV  
  67  7:59  Orbital Command  
  67  8:05  Marauder  
  63  8:08  SCV  
  64  8:14  Barracks Reactor  
  64  8:15  Marine x2  
  64  8:16  SCV x2  
  64  8:17  Marauder  
  69  8:24  Barracks Reactor  
  69  8:26  Marauder  
  73  8:28  SCV  
  73  8:29  Refinery x2  
  73  8:30  Orbital Command  
  73  8:32  Marine x2  
  75  8:34  SCV  
  75  8:38  Marine  
  75  8:40  SCV  
  78  8:46  SCV  
  78  8:47  Marine x2, Engineering Bay x2  
  80  8:52  SCV  
  80  8:53  Marine x3  
  85  8:57  Siege Tank, Marauder  
  85  8:59  SCV x2  
  92  9:03  Marine x4  
  92  9:04  SCV  
  92  9:06  Medivac  
  99  9:11  Marine x3, SCV x2  
  99  9:16  SCV  
  105  9:17  Marine x3  
  108  9:25  Marine  
  109  9:31  Marine x2  
  109  9:32  Supply Depot, SCV  
  109  9:33  Siege Tank  
  109  9:37  Marine x5  
  118  9:42  SCV  
  118  9:43  Marine  
  122  9:45  Refinery  
  122  9:50  Marine x3  
  124  9:54  Sensor Tower  
  124  9:56  Armory  
  124  9:57  Marine x3  
Spawning Tool Build Advisor. Get it on Overwolf

Go to:

Details

  • Created by: lucahecker
  • Published on: Mar 14, 2022
  • Modified on: Mar 14, 2022
  • Patch: 4.11.0
  • Difficulty: Medium
Show
View Real Time Build Order
Export as new Build Order

Comments (0)

There are no comments. Be the first!

Create an account to comment!